[ AOE2 MATCH · #504620787 ]
UnrankedIncas vs Aztecs
Player's team · WIN
Rival team · LOSS
[ REPLAY ANALYSIS · EXTRACTED FROM THE RECORDED GAME ]
Feudal
8:27
Castle
22:51
Imperial
50:54
| APM avg | 53.7 |
| APM peak | 85 |
| eAPM avg | 26.1 |
| Villagers / military | 125 / 149 |
Focus
⚔️ 50.0% · 🌾 50.0%
Unknown (2550) ×156 · Petard ×87 · Kamayuk ×19 · Skirmisher ×17 · Archer ×12 · Battering Ram ×8
Feudal
8:54
Castle
21:08
Imperial
49:39
| APM avg | 56.0 |
| APM peak | 81 |
| eAPM avg | 27.8 |
| Villagers / military | 166 / 289 |
Focus
⚔️ 36.0% · 🌾 64.0%
Eagle Scout ×212 · Archer ×48 · Militia ×12 · Skirmisher ×9 · Spearman ×6 · Monk ×1
Match map
Initial resources + every placement click. Lines = walls · curves = elevation contours. ◆ gold · ⬟ stone · ● berries · ✦ relic · ◌ wall gap
Your base· Open — unwalled flank
El_Ti_Rex's base· Open — unwalled flank
Smoothed initial terrain · ◌ = detected wall gap · hover for details
Inputs per minute
— [bK] milho - - El_Ti_Rex
Build order — [bK] milho
First 150 of 606 actions detected
| 0:01 | Queue | Villager (Male) |
| 0:01 | Queue | Villager (Male) |
| 0:02 | Build | House |
| 0:06 | Queue | Villager (Male) |
| 0:07 | Queue | Villager (Male) |
| 1:36 | Build | Settlement |
| 1:39 | Queue | Villager (Male) |
| 1:59 | Queue | Villager (Male) |
| 1:59 | Queue | Villager (Male) |
| 2:13 | Queue | Villager (Male) |
| 2:45 | Queue | Villager (Male) |
| 3:09 | Queue | Villager (Male) |
| 3:27 | Queue | Villager (Male) |
| 3:54 | Queue | Villager (Male) |
| 4:12 | Queue | Villager (Male) |
| 4:47 | Queue | Villager (Male) |
| 5:15 | Queue | Villager (Male) |
| 5:17 | Research | Loom |
| 6:17 | Research | Feudal Age |
| 6:32 | Build | House |
| 6:52 | Build | Barracks |
| 7:23 | Build | Palisade Wall |
| 7:33 | Queue | Villager (Male) |
| 8:02 | Build | Palisade Wall |
| 8:04 | Build | Palisade Wall |
| 8:05 | Build | Palisade Wall |
| 8:27 | Age | Feudal Age |
| 8:29 | Queue | Villager (Male) |
| 8:32 | Build | Archery Range |
| 8:36 | Research | Double-Bit Axe |
| 8:45 | Build | Palisade Gate |
| 8:59 | Queue | Villager (Male) |
| 9:12 | Queue | Archer |
| 9:13 | Queue | Archer |
| 9:20 | Queue | Villager (Male) |
| 9:27 | Build | House |
| 9:29 | Build | Palisade Wall |
| 9:31 | Build | Palisade Wall |
| 9:46 | Build | Settlement |
| 9:52 | Queue | Archer |
| 9:58 | Queue | Villager (Male) |
| 10:11 | Build | House |
| 10:25 | Queue | Villager (Male) |
| 10:27 | Queue | Archer |
| 10:38 | Build | Farm |
| 10:46 | Queue | Villager (Male) |
| 10:57 | Queue | Villager (Male) |
| 11:19 | Queue | Archer |
| 11:20 | Queue | Villager (Male) |
| 11:21 | Build | Farm |
| 11:31 | Queue | Skirmisher |
| 11:34 | Queue | Villager (Male) |
| 11:35 | Build | Blacksmith |
| 12:00 | Queue | Skirmisher |
| 12:02 | Queue | Archer |
| 12:04 | Queue | Villager (Male) |
| 12:14 | Build | Palisade Wall |
| 12:24 | Queue | Villager (Male) |
| 12:29 | Build | Palisade Wall |
| 12:31 | Research | Fletching |
| 12:37 | Queue | Archer |
| 12:48 | Build | Farm |
| 12:59 | Queue | Skirmisher |
| 13:09 | Queue | Skirmisher |
| 13:25 | Queue | Villager (Male) |
| 13:29 | Queue | Villager (Male) |
| 13:32 | Build | Palisade Wall |
| 14:03 | Queue | Skirmisher |
| 14:11 | Build | House |
| 14:13 | Queue | Villager (Male) |
| 14:14 | Queue | Skirmisher |
| 14:16 | Build | Farm |
| 14:17 | Build | Farm |
| 14:29 | Queue | Skirmisher |
| 14:35 | Queue | Unit 2550 |
| 14:35 | Queue | Unit 2550 |
| 14:45 | Queue | Villager (Male) |
| 14:45 | Queue | Villager (Male) |
| 14:49 | Build | Palisade Wall |
| 15:03 | Build | Farm |
| 15:13 | Queue | Villager (Male) |
| 15:18 | Build | Farm |
| 15:33 | Research | Padded Archer Armor |
| 15:34 | Queue | Skirmisher |
| 16:17 | Queue | Skirmisher |
| 16:18 | Queue | Skirmisher |
| 16:27 | Build | Farm |
| 16:34 | Queue | Villager (Male) |
| 16:34 | Queue | Villager (Male) |
| 16:37 | Build | House |
| 16:39 | Build | Farm |
| 16:40 | Build | Farm |
| 16:41 | Queue | Archer |
| 16:42 | Queue | Archer |
| 17:08 | Queue | Villager (Male) |
| 17:08 | Queue | Villager (Male) |
| 17:10 | Build | Farm |
| 17:11 | Build | Farm |
| 17:16 | Queue | Archer |
| 17:30 | Build | House |
| 17:34 | Queue | Villager (Male) |
| 17:43 | Build | Farm |
| 17:53 | Build | Palisade Wall |
| 18:10 | Research | Wheelbarrow |
| 18:28 | Build | Settlement |
| 19:30 | Build | Barracks |
| 19:38 | Queue | Archer |
| 19:38 | Queue | Archer |
| 20:11 | Research | Castle Age |
| 20:27 | Build | Settlement |
| 20:47 | Research | Horse Collar |
| 20:48 | Build | Farm |
| 20:49 | Build | Farm |
| 20:52 | Build | Farm |
| 20:53 | Build | Farm |
| 21:02 | Queue | Unit 2550 |
| 21:02 | Queue | Unit 2550 |
| 21:19 | Build | Barracks |
| 21:23 | Research | Tech 1402 |
| 21:30 | Build | House |
| 21:49 | Queue | Unit 2550 |
| 21:52 | Research | Scale Mail Armor |
| 21:52 | Research | Scale Mail Armor |
| 21:55 | Build | Farm |
| 22:13 | Queue | Unit 2550 |
| 22:13 | Queue | Unit 2550 |
| 22:13 | Queue | Unit 2550 |
| 22:20 | Build | Farm |
| 22:22 | Build | House |
| 22:25 | Build | House |
| 22:41 | Queue | Unit 2550 |
| 22:41 | Queue | Unit 2550 |
| 22:42 | Queue | Unit 2550 |
| 22:51 | Age | Castle Age |
| 22:51 | Build | Farm |
| 22:53 | Build | Farm |
| 22:59 | Research | Tech 1351 |
| 23:32 | Research | Squires |
| 23:36 | Queue | Unit 2550 |
| 23:50 | Queue | Unit 2550 |
| 23:50 | Queue | Unit 2550 |
| 24:07 | Queue | Unit 2550 |
| 24:12 | Build | House |
| 24:13 | Build | House |
| 24:28 | Queue | Unit 2550 |
| 24:29 | Queue | Unit 2550 |
| 24:44 | Research | Forging |
| 24:44 | Research | Forging |
| 24:48 | Queue | Unit 2550 |
| 24:48 | Queue | Unit 2550 |
Build order — El_Ti_Rex
First 150 of 489 actions detected
| 0:00 | Queue | Villager (Male) |
| 0:02 | Build | House |
| 0:03 | Build | House |
| 0:06 | Queue | Villager (Male) |
| 0:06 | Queue | Villager (Male) |
| 1:02 | Queue | Villager (Male) |
| 1:36 | Queue | Villager (Male) |
| 1:58 | Build | Lumber Camp |
| 1:59 | Queue | Villager (Male) |
| 2:26 | Queue | Villager (Male) |
| 2:50 | Queue | Villager (Male) |
| 3:13 | Queue | Villager (Male) |
| 3:18 | Build | House |
| 3:38 | Queue | Villager (Male) |
| 4:01 | Queue | Villager (Male) |
| 4:23 | Queue | Villager (Male) |
| 4:49 | Queue | Villager (Male) |
| 5:10 | Build | Barracks |
| 5:16 | Queue | Villager (Male) |
| 5:43 | Queue | Villager (Male) |
| 5:53 | Build | House |
| 6:14 | Queue | Villager (Male) |
| 6:44 | Research | Feudal Age |
| 6:55 | Queue | Militia |
| 7:03 | Build | Mining Camp |
| 7:17 | Queue | Militia |
| 7:36 | Queue | Militia |
| 7:44 | Build | House |
| 8:17 | Build | Mill |
| 8:33 | Queue | Villager (Male) |
| 8:54 | Age | Feudal Age |
| 8:57 | Research | Man-at-Arms (upgrade) |
| 9:00 | Queue | Villager (Male) |
| 9:03 | Research | Loom |
| 9:27 | Build | Archery Range |
| 9:34 | Queue | Villager (Male) |
| 9:43 | Queue | Villager (Male) |
| 9:53 | Build | House |
| 10:11 | Queue | Villager (Male) |
| 10:16 | Queue | Skirmisher |
| 10:18 | Queue | Archer |
| 10:28 | Build | House |
| 10:40 | Queue | Skirmisher |
| 10:56 | Queue | Skirmisher |
| 11:02 | Build | Farm |
| 11:03 | Build | Farm |
| 11:28 | Queue | Villager (Male) |
| 11:50 | Build | Blacksmith |
| 11:55 | Queue | Archer |
| 12:04 | Queue | Archer |
| 12:10 | Build | Farm |
| 12:12 | Build | Farm |
| 12:16 | Queue | Villager (Male) |
| 12:17 | Queue | Archer |
| 12:26 | Build | House |
| 12:29 | Build | Farm |
| 12:42 | Queue | Archer |
| 13:00 | Build | Farm |
| 13:17 | Research | Fletching |
| 13:27 | Queue | Villager (Male) |
| 13:30 | Build | Farm |
| 13:31 | Build | Farm |
| 13:32 | Build | Farm |
| 13:51 | Queue | Villager (Male) |
| 13:52 | Queue | Archer |
| 14:15 | Queue | Villager (Male) |
| 14:16 | Queue | Villager (Male) |
| 14:16 | Build | Farm |
| 14:17 | Build | Farm |
| 14:26 | Queue | Villager (Male) |
| 14:51 | Build | Farm |
| 14:56 | Build | Farm |
| 15:06 | Queue | Skirmisher |
| 15:14 | Build | Farm |
| 15:26 | Queue | Villager (Male) |
| 15:26 | Queue | Archer |
| 15:48 | Queue | Villager (Male) |
| 16:09 | Queue | Villager (Male) |
| 16:11 | Build | Farm |
| 16:13 | Build | Farm |
| 16:26 | Queue | Archer |
| 16:29 | Queue | Archer |
| 16:30 | Queue | Villager (Male) |
| 16:34 | Build | House |
| 16:57 | Queue | Archer |
| 16:58 | Queue | Villager (Male) |
| 17:22 | Build | Market |
| 17:26 | Queue | Villager (Male) |
| 17:30 | Research | Double-Bit Axe |
| 17:42 | Queue | Villager (Male) |
| 18:00 | Build | House |
| 18:15 | Build | House |
| 18:23 | Research | Castle Age |
| 18:31 | Queue | Archer |
| 18:53 | Queue | Eagle Scout |
| 19:06 | Research | Scale Mail Armor |
| 19:11 | Queue | Archer |
| 19:21 | Queue | Militia |
| 19:23 | Build | Barracks |
| 19:36 | Build | Palisade Wall |
| 19:45 | Queue | Eagle Scout |
| 19:53 | Build | Palisade Gate |
| 19:56 | Queue | Villager (Male) |
| 20:13 | Queue | Eagle Scout |
| 20:15 | Queue | Eagle Scout |
| 20:15 | Queue | Eagle Scout |
| 20:18 | Research | Horse Collar |
| 20:34 | Build | Farm |
| 20:35 | Queue | Eagle Scout |
| 20:59 | Research | Wheelbarrow |
| 21:08 | Age | Castle Age |
| 21:11 | Research | Eagle Warrior (upgrade) |
| 21:11 | Queue | Militia |
| 21:12 | Queue | Eagle Scout |
| 21:33 | Queue | Eagle Scout |
| 21:34 | Queue | Villager (Male) |
| 21:38 | Build | Farm |
| 21:39 | Build | Farm |
| 21:48 | Queue | Eagle Scout |
| 22:03 | Research | Bow Saw |
| 22:08 | Queue | Eagle Scout |
| 22:23 | Research | Chain Mail Armor |
| 22:25 | Queue | Eagle Scout |
| 22:26 | Queue | Villager (Male) |
| 22:29 | Queue | Villager (Male) |
| 22:30 | Build | Farm |
| 22:54 | Queue | Eagle Scout |
| 22:54 | Queue | Eagle Scout |
| 23:01 | Queue | Eagle Scout |
| 23:01 | Queue | Eagle Scout |
| 23:16 | Queue | Villager (Male) |
| 23:35 | Build | Barracks |
| 23:42 | Research | Forging |
| 23:50 | Queue | Villager (Male) |
| 23:54 | Queue | Villager (Male) |
| 23:57 | Build | House |
| 23:57 | Build | House |
| 24:01 | Queue | Eagle Scout |
| 24:01 | Queue | Eagle Scout |
| 24:05 | Build | Farm |
| 24:07 | Build | Farm |
| 24:31 | Queue | Villager (Male) |
| 24:45 | Queue | Eagle Scout |
| 24:46 | Queue | Eagle Scout |
| 24:46 | Queue | Eagle Scout |
| 24:50 | Queue | Villager (Male) |
| 24:59 | Queue | Villager (Male) |
| 25:02 | Build | Farm |
| 25:03 | Build | Farm |
| 25:10 | Research | Gold Mining |
Match timeline
| 5:10 | El_Ti_Rex · first_building Barracks |
| 6:52 | [bK] milho · first_building Barracks |
| 7:23 | [bK] milho · wall_segment Palisade Wall x2 |
| 8:02 | [bK] milho · wall_segment Palisade Wall x1 |
| 8:04 | [bK] milho · wall_segment Palisade Wall x1 |
| 8:05 | [bK] milho · wall_segment Palisade Wall x1 |
| 8:27 | [bK] milho · age_up feudal |
| 8:32 | [bK] milho · first_building Archery Range |
| 8:54 | El_Ti_Rex · age_up feudal |
| 9:27 | El_Ti_Rex · first_building Archery Range |
| 9:29 | [bK] milho · wall_segment Palisade Wall x3 |
| 9:31 | [bK] milho · wall_segment Palisade Wall x3 |
| 12:14 | [bK] milho · wall_segment Palisade Wall x7 |
| 12:29 | [bK] milho · wall_segment Palisade Wall x8 |
| 13:32 | [bK] milho · wall_segment Palisade Wall x1 |
| 14:49 | [bK] milho · wall_segment Palisade Wall x12 |
| 17:53 | [bK] milho · wall_segment Palisade Wall x3 |
| 18:30 | El_Ti_Rex · first_market_sell 100 wood |
| 19:36 | El_Ti_Rex · wall_segment Palisade Wall x1 |
| 21:08 | El_Ti_Rex · age_up castle |
| 22:51 | [bK] milho · age_up castle |
| 25:45 | El_Ti_Rex · first_market_buy 100 food |
| 30:11 | [bK] milho · first_building Monastery |
| 33:11 | El_Ti_Rex · wall_segment Palisade Wall x1 |
| 34:19 | [bK] milho · first_building Siege Workshop |
| 38:47 | El_Ti_Rex · first_building Siege Workshop |
| 43:00 | El_Ti_Rex · first_building Castle |
| 44:22 | [bK] milho · first_building Castle |
| 45:06 | El_Ti_Rex · first_building Monastery |
| 48:45 | El_Ti_Rex · wall_segment Palisade Wall x1 |
| 49:39 | El_Ti_Rex · age_up imperial |
| 50:54 | [bK] milho · age_up imperial |
| 54:53 | El_Ti_Rex · resign |
[ AI ANALYSIS · 1 CREDIT ]
What really happened in this match?
Wolo.gg analyzes every decision: build order, eco, micro, common mistakes by bracket. Personalized analysis on WhatsApp or Discord in 30 seconds.
Civ guide
Incas
Perfil
Jugador #2522079